AoeStats
← Nexblux

Arena

510265499Analyzed
1v1 RM · 2d ago on Sep 30, 2026· 64m 14s· 2 players
Game mode
Random Map
Map size
Tiny (2 player)
Population
200
Speed
Normal
Resources
Standard
Victory
Conquest
Starting age
Dark Age
Ending age
Imperial Age
RankedLock teamsTeams togetherTeam positionsShared explorationLock speedFull tech treeHidden civsTurbo modeCheats
Victory
Defeat
🇸🇰 Cumans · Slovakia
1036
+14
🇦🇷 Hindustanis · Argentina
982
-14
Nexblux
11:26 Feudal Age
9:44 Loom
11:39 Feudal Age
13:16 Double-Bit Axe
13:13 Horse Collar
16:06 Gold Mining
15:41 Man-at-Arms
28:17 Castle Age
36:21 Gold Shaft Mining
37:40 Wheelbarrow
36:50 Town Watch
37:14 Heavy Plow
37:07 Stone Mining
38:55 Bow Saw
39:06 Hand Cart
38:38 Town Watch
39:54 Elite Skirmisher
40:30 Fletching
40:41 Padded Archer Armor
41:30 Padded Archer Armor
41:26 Bodkin Arrow
47:24 Imperial Age
45:48 Leather Archer Armor
46:31 Scale Barding Armor
47:39 Chain Barding Armor
48:07 Bracer
48:36 Heavy Camel Rider
51:22 Two-Man Saw
51:26 Plate Barding Armor
51:21 Ring Archer Armor
53:14 Ballistics
53:56 Imperial Camel Rider
63:40 Town Patrol
Rado
6:48 Loom
9:37 Feudal Age
10:02 Double-Bit Axe
16:14 Fletching
22:33 Wheelbarrow
21:43 Town Watch
27:01 Castle Age
25:34 Man-at-Arms
26:44 Stone Mining
27:40 Gold Mining
28:04 Bodkin Arrow
28:46 Bow Saw
40:07 Imperial Age
37:59 Hand Cart
37:50 Horse Collar
38:40 Bodkin Arrow
38:56 Forging
38:52 Scale Barding Armor
39:50 Town Patrol
41:30 Iron Casting
41:18 Chain Barding Armor
42:17 Two-Man Saw
41:07 Cavalier
42:12 Bloodlines
47:10 Plate Barding Armor
47:36 Blast Furnace
46:39 Padded Archer Armor
48:46 Conscription
51:00 Gold Shaft Mining
51:25 Ballistics
52:06 Chemistry
51:02 Murder Holes
51:18 Masonry
50:38 Paladin
55:08 Heavy Plow
56:16 Leather Archer Armor
57:28 Ring Archer Armor
56:40 Elite Skirmisher
59:29 Pikeman
60:10 Squires
59:55 Arson
60:15 Scale Mail Armor
61:11 Halberdier
62:42 Chain Mail Armor
Connection lost

Rejoining the realm…

Still unreachable

The connection could not be restored.

Session expired

The server has moved on; the page needs a fresh start.